 Dungeon Crawl Stone Soup version 0.21-a0-442-g848f44b (webtiles) character file.

864011 theanonym the Malleable (level 27, 59/163 HPs)
             Began as a Formicid Fighter on Nov 14, 2017.
             Was a High Priest of Cheibriados.
             Quit the game on level 1 of the Abyss.
             The game lasted 06:29:48 (76931 turns).

theanonym the Malleable (Formicid Fighter)         Turns: 76931, Time: 06:29:49

Health: 59/163     AC: 36    Str: 46    XL:     27
Magic:  23/46      EV: 23    Int: 20    God:    Cheibriados [*****.]
Gold:   3437       SH: 28    Dex: 24    Spells: 16/56 levels left

rFire    + + +     SeeInvis +   a - +9 great mace of Entrepreneurial Spirit {flame, rPois rN+ MR-}
rCold    + + +     Gourm    .   O - +2 large shield {reflect}
rNeg     + . .     Faith    .   E - +11 gold dragon scales
rPois    +         Spirit   .   (helmet unavailable)
rElec    +         Reflect  +   F - scarf {cloud immunity}
rCorr    .         Harm     .   p - +2 pair of gloves {archery}
MR       +++..                  s - +0 pair of boots
Stlth    ..........             R - amulet of regeneration {+regen}
HPRegen  1.77/turn              K - ring "Ythrogidy" {rF++ rC+ MR+}
MPRegen  0.30/turn              V - ring of the Wild Haggis {rElec rC+ MR+}

@: regenerating, glowing, studying Shields, very slow
A: permanent stasis, dig shafts and tunnels, four strong arms, antennae 3, dopey
1[+1], frail 2[+1], high mp 1, sense surroundings 2, strong 1, weak 1, subdued
magic 1
}: 7/15 runes: barnacled, slimy, silver, demonic, glowing, fiery, gossamer
a: Dig, Shaft Self, Bend Time, Temporal Distortion, Slouch, Step From Time,
Renounce Religion


Innate Abilities, Weirdness & Mutations

You cannot be hasted, slowed, berserked, paralysed or teleported.
You can dig through walls and to a lower floor.
Your four strong arms can wield two-handed weapons with a shield.
You have a pair of large antennae on your head. (SInv)
You have an increased reservoir of magic. (+10% MP)
You passively map the area around you.
Your muscles are strong. (Str +2)
You are weak. (Str -2)
Your spells are a little easier to cast, but a little less powerful.
[You are very dopey. (Int -4)]
[You are extremely frail. (-30% HP)]


   Skills:
 - Level 22.4 Fighting
 - Level 20.0 Maces & Flails
 - Level 12.3 Crossbows
 - Level 15.0 Armour
 - Level 18.1 Dodging
 - Level 15.0 Shields
 - Level 15.0 Spellcasting
 - Level 10.3 Charms
 + Level 22.9 Necromancy
 + Level 24.1 Transmutations
 - Level 4.5 Air Magic
 - Level 17.4 Invocations


You had 16 spell levels left.
You knew the following spells:

 Your Spells              Type           Power        Failure   Level  Hunger
a - Aura of Abjuration    Summ           ##........   100%        5    ###....
b - Animate Dead          Necr           N/A          0%          4    None
c - Silence               Hex/Air        ###.......   95%         5    ###....
d - Deflect Missiles      Chrm/Air       ####......   86%         6    #####..
e - Control Undead        Necr           ######....   0%          4    None
f - Dispel Undead         Necr           ######..     1%          5    ###....
r - Regeneration          Chrm/Necr      ######....   1%          3    None
z - Necromutation         Tmut/Necr      ######....   12%         8    #######

Skill      XL: |  1  2  3  4  5  6  7  8  9 10 11 12 13 14 15 16 17 18 19 20 21 22 23 24 25 26 27 |
---------------+----------------------------------------------------------------------------------+-----
Maces & Flails | 3 4 5 6 7 9 11 13 14 15 16 17 18 19 20 | 20.0
Invocations    | 1 4 6 7 9 10 11 12 13 14 15 16 17 | 17.4
Fighting       | 5 8 9 10 12 13 14 15 16 18 19 20 21 22 | 22.4
Shields        | 4 7 8 9 11 13 14 15 | 15.0
Dodging        | 1 4 5 6 7 8 9 10 11 12 13 14 16 17 18 | 18.1
Armour         | 4 6 8 9 10 11 12 13 14 15 | 15.0
Crossbows      | 6 8 10 12 | 12.3
Spellcasting   | 6 15 | 15.0
Charms         | 8 10 | 10.3
Necromancy     | 8 22 | 22.9
Air Magic      | 4 |  4.5
Transmutations | 24 | 24.1

Action                   |  1- 3 |  4- 6 |  7- 9 | 10-12 | 13-15 | 16-18 | 19-21 | 22-24 | 25-27 || total
-------------------------+-------+-------+-------+-------+-------+-------+-------+-------+-------++-------
Melee: Flail             |    64 |   213 |   305 |   741 |   798 |       |       |       |       ||  2121
       Kick              |       |       |    88 |       |       |       |       |       |       ||    88
       Great mace        |       |       |       |       |    97 |   588 |   736 |   462 |  1960 ||  3843
 Fire: Blowgun           |       |       |     2 |     3 |     5 |       |       |       |       ||    10
       Longbow           |       |       |       |    24 |       |       |       |       |       ||    24
       Shortbow          |       |       |       |    42 |   264 |       |       |       |       ||   306
       Arbalest          |       |       |       |       |   155 |   579 |   374 |   519 |  2775 ||  4402
Throw: Tomahawk          |       |       |     5 |       |       |       |       |       |       ||     5
       Throwing net      |       |       |       |     1 |       |       |       |       |     1 ||     2
       Javelin           |       |       |       |       |       |     9 |       |       |       ||     9
 Cast: Regeneration      |       |       |       |       |       |       |       |       |   134 ||   134
       Control Undead    |       |       |       |       |       |       |       |       |    11 ||    11
       Necromutation     |       |       |       |       |       |       |       |       |     4 ||     4
       Animate Dead      |       |       |       |       |       |       |       |       |     2 ||     2
Invok: Bend Time         |       |       |     8 |    17 |    15 |     7 |     4 |    14 |    63 ||   128
       Step From Time    |       |       |       |       |     1 |     1 |       |     3 |     7 ||    12
       Slouch            |       |       |       |       |     1 |     1 |     2 |       |     5 ||     9
       Temporal Distorti |       |       |       |       |       |     1 |     2 |     5 |    42 ||    50
 Abil: Dig               |       |     1 |    15 |     6 |     6 |    19 |       |    12 |    16 ||    75
       Shaft Self        |       |       |     3 |       |       |       |       |       |       ||     3
       End Transformatio |       |       |       |       |       |       |       |       |     3 ||     3
Evoke: Wand              |       |       |       |     1 |       |       |       |     3 |    18 ||    22
       Phantom mirror    |       |       |       |       |       |       |       |       |     2 ||     2
  Use: Potion            |       |     1 |     6 |     1 |     2 |     4 |     3 |     1 |    56 ||    74
       Scroll            |       |     3 |     3 |     7 |    27 |     8 |     1 |    12 |    52 ||   113
 Stab: Distracted        |       |       |       |       |     1 |       |       |       |     4 ||     5
       Confused          |       |       |       |       |       |       |       |       |     2 ||     2
       Invisible         |       |       |       |       |       |       |       |       |     1 ||     1
  Eat: Chunk             |     1 |     8 |     8 |    12 |    15 |    11 |     4 |     4 |    14 ||    77
       Fruit             |       |       |       |     2 |     1 |       |       |       |       ||     3
       Meat ration       |       |       |       |       |     1 |       |       |     1 |       ||     2
       Bread ration      |       |       |       |       |       |     3 |     3 |     2 |    16 ||    24
Armor: Scale mail        |    24 |    62 |       |       |       |       |       |       |       ||    86
       Ice dragon scales |       |    31 |    53 |    66 |       |       |       |       |       ||   150
       Plate armour      |       |       |    57 |   150 |   226 |    31 |   150 |   128 |    32 ||   774
       Crystal plate arm |       |       |       |       |       |   302 |       |       |       ||   302
       Gold dragon scale |       |       |       |       |       |       |       |       |  1023 ||  1023
Dodge: Dodged            |    19 |    66 |    61 |    75 |   202 |   398 |   292 |   241 |  2045 ||  3399
Block: Shield            |    28 |   114 |   221 |   153 |       |       |       |       |       ||   516
       Large shield      |       |       |       |   480 |  1180 |  1408 |  1343 |   840 |  4520 ||  9771
       Reflection        |       |       |       |       |       |    95 |    62 |    69 |    70 ||   296

Inventory:

Hand Weapons
 a - the +9 great mace of Entrepreneurial Spirit (weapon) {flame, rPois rN+ MR-}
   (You took it off an ogre mage on level 4 of the Depths)

   It has been specially enchanted to burn those struck by it, causing extra
   injury to most foes and up to half again as much damage against particularly
   susceptible opponents.
   It protects you from poison.
   It protects you from negative energy.
   It affects your resistance to hostile enchantments.
 b - the +8 arbalest "Mit Xuuc" {velocity, Dex+4}
   (You found it in a treasure trove)

   Any bolt fired from it inflicts extra damage.
   It affects your dexterity (+4).
Missiles
 k - 10 throwing nets (quivered)
 L - 1011 bolts
Armour
 i - the +2 ratskin cloak {+Rats rPois rN+ Str-1 Int-1 Dex+1}
   (You found it on level 3 of the Crypt)

   It affects your strength (-1).
   It affects your intelligence (-1).
   It affects your dexterity (+1).
   It protects you from poison.
   It protects you from negative energy.
 p - a +2 pair of gloves of archery (worn)
   (You found it on level 3 of the Depths)
 s - a +0 pair of boots (worn)
   (You found it on level 5 of the Lair of Beasts)
 E - +11 gold dragon scales (worn)
   (You found it on level 5 of the Depths)
 F - a scarf of cloud immunity (worn)
   (You bought it in a shop on level 2 of the Orcish Mines)
 O - a +2 large shield of reflection (worn)
   (You found it in Pandemonium)
Jewellery
 g - the amulet "Boliwk" {*Corrode +Rage rElec rPois rN++}
   (You bought it in a shop on level 1 of the Depths)

   [amulet of rage]

   It insulates you from electricity.
   It protects you from poison.
   It greatly protects you from negative energy.
   It lets you go berserk.
   It may corrode you when you take damage.
 l - an uncursed ring of resist corrosion
   (You bought it in a shop on level 1 of the Depths)
 t - the ring "Nemoloa" {Wiz rPois rC- Int+3 SInv}
   (You found it on level 1 of the Realm of Zot)

   [ring of wizardry]

   It improves your spell success rate.
   It affects your intelligence (+3).
   It makes you vulnerable to cold.
   It protects you from poison.
   It lets you see invisible.
 H - the ring of Ximirod {rF+ Int+5 Slay+4}
   (You bought it in a shop on level 5 of the Vaults)

   [ring of slaying]

   It affects your intelligence (+5).
   It affects your accuracy and damage with ranged weapons and melee attacks
   (+4).
   It protects you from fire.
 K - the ring "Ythrogidy" (left hand) {rF++ rC+ MR+}
   (You found it on level 1 of the Realm of Zot)

   [ring of protection from cold]

   It greatly protects you from fire.
   It protects you from cold.
   It affects your resistance to hostile enchantments.
 R - an amulet of regeneration (around neck) {+regen}
   (You found it on level 3 of the Dungeon)
 V - the ring of the Wild Haggis (right hand) {rElec rC+ MR+}
   (You bought it in a shop on level 2 of the Vaults)

   [ring of protection from magic]

   It protects you from cold.
   It insulates you from electricity.
   It affects your resistance to hostile enchantments.
 X - the amulet "Heonassi" {Reflect MR+ Str+4 SH+3}
   (You found it in Pandemonium)

   [amulet of reflection]

   It shields you and reflects attacks.
   It affects your strength (+4).
   It affects your resistance to hostile enchantments.
   It affects your SH (+3).
 Z - the ring of Daute {rF+ rN+ MP+9 Str+4 Slay+3}
   (You found it in Pandemonium)

   [ring of protection from fire]

   It affects your strength (+4).
   It affects your accuracy and damage with ranged weapons and melee attacks
   (+3).
   It protects you from fire.
   It protects you from negative energy.
   It affects your magic capacity (+9).
Wands
 c - a wand of clouds (7/9)
   (You found it on level 2 of the Elven Halls)
 d - a wand of digging (15/24)
   (You found it on level 8 of the Dungeon)
 v - a wand of acid (8/15)
   (You found it on level 1 of the Vaults)
Scrolls
 f - 6 scrolls of fog {!r}
 o - 5 scrolls of enchant weapon
 r - 7 scrolls of identify
 u - 23 scrolls of remove curse
 C - 6 scrolls of magic mapping {!r}
 I - 11 scrolls of recharging
 J - 9 scrolls of fear {!r}
Potions
 w - 8 potions of brilliance
 B - 27 potions of curing
 D - 3 potions of cancellation
 G - 3 potions of invisibility
 M - 8 potions of ambrosia
 P - 3 potions of magic
 Q - 5 potions of agility
 T - 6 potions of flight
 U - 3 potions of might
 W - 2 potions of resistance
Books
 S - a manual of Shields
   (You found it in a bailey)
Miscellaneous
 z - a fan of gales
   (You found it on level 2 of the Lair of Beasts)
 A - 2 phantom mirrors
Comestibles
 e - 12 bread rations
 n - 32 royal jellies

Dungeon Overview and Level Annotations

Branches:
Dungeon (15/15)            Temple (0/1) D:4            Lair (6/6) D:9
 Shoals (4/4) Lair:2       Spider (4/4) Lair:4        Slime (5/5) Lair:5
    Orc (2/2) D:9             Elf (3/3) Orc:2        Vaults (5/5) D:13
  Crypt (3/3) Vaults:2       Tomb (0/3) Crypt:3      Depths (5/5) D:15
    Zot (4/5) Depths:5

Altars:
Ashenzari
Cheibriados
Kikubaaqudgha
Nemelex Xobeh
Sif Muna
Uskayaw
Xom
Yredelemnul
Beogh

Shops:
D:5 [   D:8 *   D:9 [   Orc:2 %[}:   Elf:2 [   Shoals:2 }   Vaults:2 ?=(:
Vaults:5 ==   Depths:1 *==}   Depths:2 %

Portals:
Hell: Depths:1 Depths:2 Depths:3 Depths:4 Depths:5
Abyss: Depths:1 Depths:4
Pandemonium: Depths:1 Depths:3
Ziggurat: Depths:2

Annotations:
D:9 exclusion: 2 doors
Lair:3 exclusion: 3 oklob plants


You were on level 1 of the Abyss.
You worshipped Cheibriados.
Cheibriados was extremely pleased with you.
You were not hungry.

You visited 11 branches of the dungeon, and saw 56 of its levels.
You visited Pandemonium 1 time, and saw 8 of its levels.
You visited the Abyss 2 times.
You visited 1 bazaar.
You also visited: Trove, Bailey and Volcano.

You collected 10744 gold pieces.
You spent 7307 gold pieces at shops.


Message History

You block the lorocyproca's attack.
You sock the lorocyproca! You burn the lorocyproca.
A daeva comes into view.
It is wielding an eudemon blade of holy wrath.
The daeva shouts!
You sock the lorocyproca! You burn the lorocyproca.
The lorocyproca closely misses you.
A bone dragon comes into view.
You completely miss the lorocyproca. You block the lorocyproca's attack.
You hit the lorocyproca.
You hit the lorocyproca but do no damage.
The lorocyproca hits you!!
You feel your power leaking away.
You take 18 damage, and have 121/186 hp.
You now have 34/42 mp.
You crush the lorocyproca like a grape!!!
You burn the lorocyproca!
You kill the lorocyproca!
Cheibriados thoroughly appreciates the change of pace.
You feel the corruption within you wane somewhat.
Your magical essence is no longer linked to your wands.
Your system completely accepts the healing effects of potions.
You feel yourself come back to life.
A glowing orange brain comes into view.
Your skin crawls.
The daeva calls down the wrath of the Shining One upon you.
The Shining One smites you!
A large abomination comes into view.
You take 11 damage, and have 111/186 hp.
You now have 31/42 mp.
You sock the bone dragon! You burn the bone dragon.
You block the bone dragon's attack.
The bone dragon claws you but does no damage.
The bone dragon tramples you.
You hold your ground!
You take 1 damage, and have 110/186 hp.
You flatten the bone dragon like a pancake!!!
You burn the bone dragon.
The large abomination moves out of view.
The bone dragon bites you but does no damage.
You block the bone dragon's attack.
The bone dragon closely misses you. 2 starcursed masses come into view.
You regained 2 hp, and now have 112/186 hp.
The flow of time bends around you.
Cheibriados rebukes the bone dragon.
The bone dragon seems to slow down.
Cheibriados rebukes the daeva.
The daeva seems to slow down.
You feel slightly more hungry. You block the daeva's attack. x2
A chorus of shrieks assaults your mind.
A starcursed mass splits.
You take 8 damage, and have 104/186 hp.
You now have 29/42 mp.
You pound the bone dragon like an anvil!!!
You burn the bone dragon! The bone dragon bites you! The bone dragon claws you.
The bone dragon tramples you!
* * * LOW HITPOINT WARNING * * *
You hold your ground!
The glowing orange brain pulsates.
You take 21 damage, and have 83/186 hp.
You thump the bone dragon! You burn the bone dragon.
A starcursed mass splits. x2
A chorus of shrieks assaults your mind.
* * * LOW HITPOINT WARNING * * *
The daeva hits you but does no damage. You block the daeva's attack.
You take 6 damage, and have 77/186 hp.
You bludgeon the bone dragon!! You burn the bone dragon.
A starcursed mass splits. x2; You block the bone dragon's attack.
The bone dragon claws you but does no damage.
You block the bone dragon's attack.
You hit the bone dragon.
The wretched star pulses with an eldritch light!
You feel frail.
You feel stupid.
You crush the bone dragon like a grape!!!
You burn the bone dragon.
You destroy the bone dragon!
Cheibriados appreciates the change of pace.
You feel the corruption within you wane somewhat.
You feel more energetic.
A deafening chorus of shrieks assaults your mind!
* * * LOW HITPOINT WARNING * * *
Your stasis prevents you from being paralysed.
A starcursed mass splits.
You block the daeva's attack. x2
You take 9 damage, and have 70/163 hp.
The flow of time bends around you.
Cheibriados rebukes the rust devil.
The rust devil seems to slow down.
Cheibriados rebukes the starcursed mass.
The starcursed mass seems to slow down.
Cheibriados rebukes the daeva.
The daeva seems to slow down.
Cheibriados rebukes the starcursed mass.
The starcursed mass seems to slow down.
You feel slightly more hungry.
A starcursed mass splits.
You block the starcursed mass's attack.
A starcursed mass splits.
You now have 27/46 mp.
The daeva blocks your attack. You block the starcursed mass's attack.
You block the rust devil's attack. You block the daeva's attack. x2
A cacophony of accursed wailing tears at your sanity!
* * * LOW HITPOINT WARNING * * *
You take 12 damage, and have 59/163 hp.
You warp the flow of time around you!
You feel somewhat more hungry.
A large abomination comes into view.
You now have 23/46 mp.

.{ ## #.#
.# {
....#.###{
{{{
#.#...XX#
{{{
.....X4X#


{{{{ (....XG@# { ...X(*AX# ..#...XXX{ .(.####X.# #. #### . You could see 9
starcursed masses, a daeva, a wretched star, a glowing orange brain, 2 large
abominations and a rust devil.

Notes
Turn   | Place    | Note
-------+----------+-------------------------------------------
     0 | D:1      | theanonym the Formicid Fighter began the quest for the Orb.
     0 | D:1      | Reached XP level 1. HP: 18/18 MP: 1/1
    85 | D:1      | Reached XP level 2. HP: 21/24 MP: 2/2
   359 | D:1      | Reached skill level 3 in Maces & Flails
   367 | D:1      | HP: 7/24 [gnoll/halberd (13)]
   369 | D:1      | Reached XP level 3. HP: 6/29 MP: 3/3
  1188 | D:2      | Reached skill level 4 in Maces & Flails
  1188 | D:2      | Reached XP level 4. HP: 27/35 MP: 4/4
  1678 | D:2      | Reached XP level 5. HP: 41/41 MP: 5/5
  1785 | D:2      | Reached skill level 5 in Maces & Flails
  1945 | D:2      | HP: 20/41 [gnoll/whip (4)]
  2287 | D:2      | Reached XP level 6. HP: 43/47 MP: 6/6
  2354 | D:2      | Reached skill level 6 in Maces & Flails
  3018 | D:3      | Found a snail-covered altar of Cheibriados.
  3033 | D:3      | Became a worshipper of Cheibriados the Contemplative
  3567 | D:4      | Reached skill level 1 in Invocations
  3567 | D:4      | Reached XP level 7. HP: 39/52 MP: 7/7
  3700 | D:4      | Reached * piety under Cheibriados
  3806 | D:4      | Reached skill level 7 in Maces & Flails
  3806 | D:4      | Reached skill level 2 in Invocations
  3874 | D:4      | Found a staircase to the Ecumenical Temple.
  4029 | D:4      | Found a shimmering altar of Xom.
  4255 | D:4      | Noticed Robin
  4279 | D:4      | Killed Robin
  4387 | D:5      | Entered Level 5 of the Dungeon
  4419 | D:5      | Noticed cirnu's ghost (novice DsFi)
  4428 | D:5      | You fall through a shaft!
  4438 | D:6      | Noticed theanonym's ghost (novice FoFi)
  4440 | D:6      | You fall through a shaft!
  4463 | D:7      | HP: 23/52 [orc priest/divine providence (10)]
  4470 | D:7      | Gained mutation: You have sharp toenails. [potion of mutation]
  4470 | D:7      | Gained mutation: Your muscles are strong. (Str +2) [potion of mutation]
  4470 | D:7      | Gained mutation: Your muscles are very strong. (Str +4) [potion of mutation]
  4470 | D:7      | Gained mutation: You are partially covered in large bone plates. (SH +4) [potion of mutation]
  4473 | D:7      | Reached skill level 3 in Invocations
  4474 | D:7      | HP: 25/52 [orc wizard/puff of flame (5)]
  4543 | D:7      | Noticed a hippogriff
  4620 | D:7      | Noticed a hungry ghost
  4630 | D:7      | Killed a hungry ghost
  4630 | D:7      | Reached skill level 4 in Invocations
  4630 | D:7      | Reached XP level 8. HP: 58/58 MP: 9/11
  4668 | D:7      | Noticed a hippogriff
  4679 | D:7      | You fall through a shaft for 2 floors!
  4736 | D:9      | Found a staircase to the Lair.
  4736 | D:9      | Found a shattered altar of Ashenzari.
  4797 | D:9      | Reached skill level 8 in Maces & Flails
  4797 | D:9      | Reached skill level 5 in Invocations
  4896 | D:9      | Reached ** piety under Cheibriados
  4896 | D:9      | Reached skill level 6 in Invocations
  5008 | D:9      | Reached skill level 9 in Maces & Flails
  5019 | D:9      | Reached XP level 9. HP: 48/64 MP: 7/13
  5021 | D:9      | HP: 32/64 [warg (8)]
  5054 | D:9      | Reached skill level 10 in Maces & Flails
  5128 | D:9      | Found a staircase to the Orcish Mines.
  5257 | D:8      | Noticed a hippogriff
  5269 | D:8      | Killed a hippogriff
  5274 | D:8      | Reached skill level 11 in Maces & Flails
  5297 | D:7      | Found a shimmering altar of Xom.
  5396 | D:7      | Killed a hippogriff
  5409 | D:7      | Killed a hippogriff
  5409 | D:7      | Reached XP level 10. HP: 65/70 MP: 14/14
  5625 | D:6      | Reached skill level 12 in Maces & Flails
  5658 | D:6      | Found a transporter.
  5770 | D:6      | Killed theanonym's ghost
  5770 | D:6      | Reached skill level 4 in Fighting
  5914 | D:6      | Found a transporter.
  6029 | D:6      | Noticed Eustachio
  6045 | D:6      | Killed Eustachio
  6331 | D:5      | Reached *** piety under Cheibriados
  6372 | D:5      | Noticed Dowan
  6373 | D:5      | Noticed Duvessa
  6390 | D:5      | Killed Duvessa
  6396 | D:5      | Killed Dowan
  6462 | D:5      | Found a hide-covered altar of Uskayaw.
  6638 | D:5      | Killed cirnu's ghost
  6638 | D:5      | Reached skill level 5 in Fighting
  6638 | D:5      | Reached skill level 13 in Maces & Flails
  6666 | D:5      | Found Seora's Antique Armour Shoppe.
  6722 | D:5      | Bought an embroidered cloak for 232 gold pieces
  6722 | D:5      | Bought a pair of glowing gloves for 232 gold pieces
  7188 | D:6      | Reached **** piety under Cheibriados
  7827 | D:8      | Reached skill level 7 in Invocations
  7872 | D:8      | Reached XP level 11. HP: 78/81 MP: 13/16
  7977 | D:8      | Reached skill level 6 in Fighting
  7991 | D:8      | Noticed a two-headed ogre
  7995 | D:8      | Killed a two-headed ogre
  8278 | D:8      | Reached skill level 8 in Invocations
  8296 | D:8      | Reached skill level 14 in Maces & Flails
  8320 | D:8      | Noticed a two-headed hydra
  8336 | D:8      | Killed a two-headed hydra
  8336 | D:8      | Reached skill level 7 in Fighting
  8488 | D:8      | Found Ihesob's Assorted Antiques.
  8491 | D:8      | Bought a potion of heal wounds for 145 gold pieces
  8491 | D:8      | Bought a scroll labeled NUETSU EFAM for 29 gold pieces
  8604 | D:9      | Reached ***** piety under Cheibriados
  8711 | D:9      | Found Cufeatat's Antique Armour Shoppe.
  8790 | D:9      | Reached skill level 4 in Shields
  8802 | D:9      | Reached skill level 1 in Dodging
  8802 | D:9      | Reached skill level 9 in Invocations
  9031 | Orc:1    | Entered Level 1 of the Orcish Mines
  9035 | Orc:1    | Noticed an orc knight
  9102 | Lair:1   | Entered Level 1 of the Lair of Beasts
  9163 | Lair:1   | Reached skill level 4 in Armour
  9334 | Lair:1   | Reached skill level 8 in Fighting
  9334 | Lair:1   | Reached XP level 12. HP: 54/92 MP: 11/18
  9338 | Lair:1   | Reached skill level 2 in Dodging
  9454 | Lair:1   | Reached skill level 5 in Shields
  9613 | Lair:1   | Reached skill level 5 in Armour
  9630 | Lair:1   | Reached skill level 3 in Dodging
 10217 | Lair:2   | Reached skill level 6 in Shields
 10217 | Lair:2   | Reached skill level 10 in Invocations
 10255 | Lair:2   | Found a dark tunnel.
 10260 | Volcano  | Entered a volcano
 10310 | Volcano  | Noticed a wizard
 10318 | Volcano  | Killed a wizard
 10318 | Volcano  | Reached skill level 9 in Fighting
 10335 | Volcano  | Reached skill level 6 in Armour
 10360 | Volcano  | Reached skill level 4 in Dodging
 10427 | Volcano  | Noticed a mace of flaming
 10435 | Volcano  | Killed a mace of flaming
 10435 | Volcano  | Reached skill level 7 in Shields
 10435 | Volcano  | Reached XP level 13. HP: 96/101 MP: 20/20
 10754 | Lair:2   | Found a staircase to the Shoals.
 11028 | Lair:2   | Noticed a catoblepas
 11231 | Lair:2   | Killed a catoblepas
 11327 | Lair:2   | Reached skill level 7 in Armour
 11345 | Lair:2   | Reached skill level 5 in Dodging
 11348 | Lair:2   | Reached skill level 11 in Invocations
 11889 | Lair:3   | Reached skill level 8 in Shields
 11891 | Lair:3   | Reached skill level 10 in Fighting
 12350 | Lair:3   | Noticed Gastronok
 12366 | Lair:3   | Killed Gastronok
 12909 | Lair:4   | Reached skill level 8 in Armour
 13128 | Lair:4   | Reached XP level 14. HP: 111/111 MP: 22/22
 13249 | Lair:4   | Found a hole to the Spider Nest.
 13635 | Lair:5   | Found a staircase to the Slime Pits.
 13718 | Lair:5   | Reached skill level 9 in Shields
 13731 | Lair:5   | Reached skill level 11 in Fighting
 14113 | Lair:5   | Reached ****** piety under Cheibriados
 14421 | Lair:6   | Entered Level 6 of the Lair of Beasts
 14475 | Lair:6   | Reached skill level 12 in Invocations
 14541 | Lair:6   | Found a runed door.
 14754 | Lair:6   | Reached skill level 15 in Maces & Flails
 15010 | Lair:6   | Reached skill level 9 in Armour
 15065 | Lair:6   | Reached skill level 6 in Dodging
 15148 | Lair:6   | Wingboner: Что-то все сегодня глючники. Один HuHu, другой FoFi, третья GrWn... Я вообще не привык видеть подобного. Да и сам почти не играю стрелками.
 15172 | Lair:6   | theanonym: Я не качал лук, просто с че что угодно можно использовать
 15181 | Lair:6   | Reached skill level 12 in Fighting
 15187 | Lair:6   | Wingboner: Ну это да, Че ымба.
 15216 | Lair:6   | Wingboner: Только я обычно метательным обхожусь.
 15237 | Lair:6   | Noticed an entropy weaver
 15259 | Lair:6   | Killed an entropy weaver
 15264 | Lair:6   | Wingboner: Потому что ради него не надо тратить время на смену оружия.
 15264 | Lair:6   | theanonym: Ну с луком можно всю игру пробегать
 15264 | Lair:6   | theanonym: С жавелинами же не получится?
 15289 | Lair:6   | Reached XP level 15. HP: 120/120 MP: 24/24
 15323 | Lair:6   | Wingboner: Почему? Метательное оно как анарм. Когда вкачаное — очень злой скил.
 15323 | Lair:6   | theanonym: И места меньше занимает, только лук и стрелы, а копий по 5 стаков разных видов вечно
 15323 | Lair:6   | Wingboner: И даже те, кто вообще не использовал его, часто ради зигов вкачивают.
 15323 | Lair:6   | Wingboner: Потому что дротики пробивания в зигах это очень-очень годнота.
 15359 | Lair:6   | Wingboner: Кагбе разные виды это плюс, а не минус.
 15362 | Lair:6   | Reached skill level 10 in Shields
 15415 | Lair:6   | Wingboner: А что, стрелы разных видов в современных версиях выпилили?
 15431 | Lair:6   | Wingboner: Раньше их тоже дофига разных было.
 15431 | Lair:6   | theanonym: Да
 15431 | Lair:6   | Wingboner: ??arrow
 15431 | Lair:6   | beem: ammunition[1/1]: Damage: stones 2, sling bullets 4(only when used in a sling, don't throw), tomahawks 6, javelins 10, large rocks 20. Other ammo has no base damage.
 15431 | Lair:6   | Wingboner: !lg * ikiller=nessos
 15431 | Lair:6   | beem: 5990. 7999 the Cruncher (L15 FoFi of Cheibriados), shot by Nessos (arrow) on Orc:2 on 2017-11-13 12:32:39, with 73448 points after 21846 turns and 1:05:42.
 15431 | Lair:6   | Wingboner: Бидаааааа.
 15431 | Lair:6   | theanonym: Я кстати поиграл в 0.14, больше всего не понравилось что с шахтами сделали. Раньше были логичные несколько этажей нарастающей сложности, а сейчас заходишь - на первом этаже бывает вообще пусто, а на втором опасно как в пандемониуме
 15828 | Lair:6   | Wingboner: Ещё раньше вообще был скил.
 15829 | Lair:6   | Wingboner: Traps & doors.
 15842 | Lair:6   | Wingboner: Позволял ловушки детектить и секретные двери.
 15881 | Lair:6   | Wingboner: И было дофига видов ловушек и секретных дверей. Сейчас они остались, но очень редко встречаются.
 15883 | Lair:6   | Wingboner: Он титул давал — Dungeon Master.
 15883 | Lair:6   | theanonym: Мимики лестницы мне нравятся
 15883 | Lair:6   | Wingboner: !lg . place=bazaar 1
 15883 | Lair:6   | beem: 1/3. casual the Nimble (L11 OpTm of Cheibriados), slain by a ravenous statue mimic in Bazaar (bazaar_jpeg_oval) on 2013-10-01 19:58:50, with 10711 points after 9310 turns and 0:36:39.
 15883 | Lair:6   | Wingboner: ^Вот это было дофига неожиданно.
 15888 | Lair:6   | Wingboner: Бежал к магазину чисто по стрелке, на пофиг. Не добежал и очень удивился.
 15888 | Lair:6   | theanonym: Там вообще много смертей
 15888 | Lair:6   | theanonym: На базаре
 15888 | Lair:6   | theanonym: !lg * place=bazaar s=killer
 15888 | Lair:6   | beem: 48 games for * (place=bazaar): 27x, 4x a ravenous shop mimic, 3x an electric eel, 2x a salamander, 2x a lava snake, an iron troll, a blizzard demon, Nulas the merfolk, a ravenous statue mimic, a vampire mosquito, a shop mimic, a ravenous door mimic, Nordag the orc knight, a giant goldfish, a ravenous fountain mimic
 15888 | Lair:6   | theanonym: Твой случай уникальный
 15888 | Lair:6   | Wingboner: Не так чтобы сильно много. У меня настоящая, кажется, всего одна. Две другие — мне просто надоел персонаж.
 16051 | D:10     | Entered Level 10 of the Dungeon
 16111 | D:10     | Wingboner: Ещё один раз реально смешно было: базар, где все магазины за речкой, а перед речкой лежит кольцо полёта.
 16111 | D:10     | Wingboner: У меня кольцо было мимиком.
 16116 | D:10     | Wingboner: Ну что — поплевал в речку, ушёл ни с чем.
 16149 | D:10     | Wingboner: Это самый жестокий мимик из всех был.
 16318 | D:10     | Got a bloodstained leather armour
 16803 | D:10     | Found a portal to a secret trove of treasure.
 16810 | D:10     | You paid a toll of +4 ice dragon scales to enter a treasure trove
 16811 | Trove    | Entered a treasure trove
 16828 | Trove    | Got a shimmering scale mail
 16836 | Trove    | Got a warped arbalest
 16837 | Trove    | Identified the +8 arbalest "Mit Xuuc" {velocity, Dex+4} (You found it in a treasure trove)
 16838 | Trove    | Wingboner: Декоративные некродраконы.
 16838 | Trove    | theanonym: Лучше бы книг накидали
 16838 | Trove    | Wingboner: Да, сокровищница какая-то ни о чём попалась.
 16838 | Trove    | theanonym: Не в курсе чем отличается runed от glowing?
 16838 | Trove    | Wingboner: В курсе. Абсолютно ничем, косметика.
 16838 | Trove    | Wingboner: Чтобы не выглядело клонами. Dyed туда же.
 17798 | D:12     | Got a faintly humming chain mail
 17849 | D:12     | Found a flagged portal.
 17858 | Bailey   | Entered a bailey
 17994 | Bailey   | Found a roughly hewn altar of Beogh.
 18005 | Bailey   | Reached skill level 7 in Dodging
 18117 | Bailey   | Reached skill level 13 in Invocations
 18895 | D:12     | Reached skill level 10 in Armour
 18971 | D:13     | Noticed Kirke
 18979 | D:13     | Killed Kirke
 19004 | D:13     | Reached skill level 11 in Shields
 19075 | D:13     | Found a gate to the Vaults.
 19190 | D:13     | Noticed Rupert
 19206 | D:13     | Killed Rupert
 19243 | D:13     | Reached skill level 13 in Fighting
 19280 | D:13     | Reached XP level 16. HP: 130/130 MP: 25/25
 19978 | Shoals:1 | Entered Level 1 of the Shoals
 20277 | Shoals:1 | Noticed Aizul
 20297 | Shoals:1 | Killed Aizul
 20678 | Shoals:2 | Found a sparkling altar of Nemelex Xobeh.
 20806 | Shoals:2 | Reached skill level 12 in Shields
 20807 | Shoals:2 | Reached skill level 16 in Maces & Flails
 20834 | Shoals:2 | HP: 46/131 [merfolk aquamancer/shard of ice (36)]
 21380 | Shoals:2 | Identified a scroll of acquirement
 21404 | Shoals:2 | Reached skill level 8 in Dodging
 21439 | Shoals:2 | Found Ommoh's Gadget Boutique.
 21609 | Shoals:2 | You fall through a shaft!
 21919 | Shoals:3 | Reached skill level 11 in Armour
 22038 | Shoals:3 | Learned a level 5 spell: Aura of Abjuration
 22064 | Shoals:3 | Reached skill level 13 in Shields
 22441 | Orc:1    | Reached skill level 14 in Invocations
 22693 | Orc:1    | Found a roughly hewn altar of Beogh.
 22709 | Orc:1    | Noticed Fannar
 22722 | Orc:1    | Killed Fannar
 22722 | Orc:1    | Reached XP level 17. HP: 108/137 MP: 24/27
 23186 | Orc:2    | Entered Level 2 of the Orcish Mines
 23245 | Orc:2    | Found a staircase to the Elven Halls.
 23653 | Orc:2    | Found Soadakhe's Gadget Emporium.
 23653 | Orc:2    | Found Uscho's Book Shop.
 23656 | Orc:2    | Found Jeariu's Armour Shop.
 23656 | Orc:2    | Found Joebai's Food Emporium.
 23676 | Orc:2    | Bought a scarf of cloud immunity for 98 gold pieces
 24133 | Spider:1 | Entered Level 1 of the Spider Nest
 25281 | Spider:2 | Reached skill level 14 in Fighting
 25379 | Spider:2 | Reached skill level 17 in Maces & Flails
 25379 | Spider:2 | Reached skill level 9 in Dodging
 25539 | Spider:2 | Reached skill level 14 in Shields
 26251 | Spider:3 | Reached skill level 12 in Armour
 26256 | Spider:3 | Reached XP level 18. HP: 146/146 MP: 29/29
 26685 | Spider:4 | Entered Level 4 of the Spider Nest
 27227 | Spider:4 | Reached skill level 15 in Shields
 27282 | Spider:4 | Reached skill level 15 in Invocations
 27372 | Spider:4 | Got a gossamer rune of Zot
 27926 | Spider:4 | Learned a level 6 spell: Statue Form
 28616 | D:14     | Reached skill level 10 in Dodging
 29117 | D:14     | Got a sparkling platinum ring
 29119 | D:14     | Identified the ring of the Madman {rF+ Str+2} (You found it on level 14 of the Dungeon)
 29146 | D:15     | Entered Level 15 of the Dungeon
 29168 | D:15     | Reached skill level 18 in Maces & Flails
 29390 | D:15     | Found a staircase to the Depths.
 29951 | D:15     | Reached XP level 19. HP: 154/154 MP: 30/30
 30126 | D:9      | Bought an ichor-stained plate armour for 616 gold pieces
 30136 | D:9      | Identified the +10 plate armour of the Elephant {*Drain rC+ MP+9 Str+4} (You bought it in a shop on level 9 of the Dungeon)
 30345 | Shoals:4 | Entered Level 4 of the Shoals
 30345 | Shoals:4 | Noticed Ilsuiw
 30350 | Shoals:4 | Reached skill level 15 in Fighting
 30353 | Shoals:4 | Reached skill level 13 in Armour
 30359 | Shoals:4 | HP: 74/155 [drowned by a water elemental[Ilsuiw] (7)]
 31049 | Vaults:1 | Entered Level 1 of the Vaults
 32275 | Vaults:2 | Found Veob's Jewellery Emporium.
 32332 | Vaults:2 | Bought the ring of the Wild Haggis {rElec rC+ MR+} for 736 gold pieces
 32419 | Vaults:2 | Reached skill level 11 in Dodging
 32453 | Vaults:2 | Reached skill level 19 in Maces & Flails
 32487 | Vaults:2 | Found a staircase to the Crypt.
 32487 | Vaults:2 | Found an ancient bone altar of Kikubaaqudgha.
 32488 | Vaults:2 | Found a basalt altar of Yredelemnul.
 32669 | Vaults:2 | Found Setioluabe's Antique Weapon Boutique.
 32716 | Vaults:2 | Reached XP level 20. HP: 157/164 MP: 31/31
 32972 | Vaults:2 | Reached skill level 14 in Armour
 33110 | Vaults:2 | Found Vodgh's Book Emporium.
 33468 | Vaults:2 | Noticed Margery
 33484 | Vaults:2 | Killed Margery
 33484 | Vaults:2 | Reached skill level 16 in Fighting
 33518 | Vaults:2 | Found Billaa's Magic Scroll Boutique.
 33527 | Vaults:2 | Bought a scroll of magic mapping for 70 gold pieces
 33527 | Vaults:2 | Bought a scroll of silence for 150 gold pieces
 33527 | Vaults:2 | Bought a scroll of fog for 40 gold pieces
 33527 | Vaults:2 | Bought a scroll of enchant armour for 150 gold pieces
 33527 | Vaults:2 | Bought a scroll of enchant armour for 150 gold pieces
 33527 | Vaults:2 | Bought a scroll of enchant armour for 150 gold pieces
 34076 | Vaults:3 | Found a gateway to a bazaar.
 34332 | Vaults:3 | Got a slimy leather armour
 34698 | Vaults:4 | Reached skill level 20 in Maces & Flails
 34715 | Vaults:4 | Reached skill level 12 in Dodging
 34715 | Vaults:4 | Reached XP level 21. HP: 162/172 MP: 32/32
 34721 | Vaults:4 | Noticed Bai Suzhen
 34729 | Vaults:4 | Killed Bai Suzhen
 34750 | Vaults:4 | HP: 83/172 [deep troll[an ironheart preserver] (11)]
 34756 | Vaults:4 | HP: 77/172 [earth elemental[a deep elf mage] (9)]
 34764 | Vaults:4 | Reached skill level 15 in Armour
 35087 | Vaults:4 | Reached skill level 17 in Fighting
 35593 | Vaults:4 | Reached skill level 13 in Dodging
 36399 | Vaults:4 | Reached skill level 18 in Fighting
 36824 | Elf:1    | Entered Level 1 of the Elven Halls
 36984 | Elf:1    | Reached XP level 22. HP: 180/184 MP: 33/33
 37315 | Elf:1    | Reached skill level 1 in Crossbows
 37418 | Elf:1    | Reached skill level 2 in Crossbows
 37564 | Elf:1    | Reached skill level 14 in Dodging
 37767 | Elf:2    | Reached skill level 3 in Crossbows
 37848 | Elf:2    | Found a runed gate.
 37848 | Elf:2    | Found a runed gate.
 37850 | Elf:2    | Found a runed gate.
 37899 | Elf:2    | Found Helinniawn's Antique Armour Shoppe.
 38038 | Elf:2    | Reached skill level 4 in Crossbows
 38300 | Elf:2    | HP: 82/186 [enchanted halberd (20)]
 38633 | Elf:2    | Reached skill level 5 in Crossbows
 38982 | Elf:3    | Entered Level 3 of the Elven Halls
 39117 | Elf:3    | Reached skill level 19 in Fighting
 39399 | Elf:3    | Reached skill level 6 in Crossbows
 39470 | Elf:3    | Noticed Nikola
 39511 | Elf:3    | Killed Nikola
 39659 | Elf:3    | Reached XP level 23. HP: 194/194 MP: 34/34
 39666 | Elf:3    | Reached skill level 15 in Dodging
 40104 | Elf:3    | HP: 88/196 [deep elf sorcerer/damnation (31)]
 40106 | Elf:3    | HP: 38/196 [deep elf sorcerer/bolt of acid (22)]
 40111 | Elf:3    | HP: 33/196 [smoke demon/divine providence[a deep elf demonologist] (13)]
 40536 | Elf:3    | Reached skill level 20 in Fighting
 40713 | Elf:3    | Identified the ring of the Catamount {rC+ MP+9} (You took it off a deep elf demonologist on level 3 of the Elven Halls)
 40802 | Elf:3    | Identified a +1 pair of boots of running (You found it on level 3 of the Elven Halls)
 40857 | Elf:3    | Identified the Disquisition on Hurtful Transmutation
 40921 | Elf:3    | Learned a level 5 spell: Silence
 40928 | Elf:3    | Learned a level 6 spell: Deflect Missiles
 40932 | Elf:3    | Got an ichor-stained scarf
 40943 | Elf:3    | Identified the scarf of the Thirteen Realms {rPois} (You found it on level 3 of the Elven Halls)
 41386 | D:8      | Bought a scroll of identify for 58 gold pieces
 41386 | D:8      | Bought a scroll of identify for 58 gold pieces
 41386 | D:8      | Bought a potion of agility for 116 gold pieces
 41581 | Depths:1 | Entered Level 1 of the Depths
 41617 | Depths:1 | Found Goufet's Changing Room.
 41622 | Depths:1 | Found a one-way gate to the infinite horrors of the Abyss.
 41649 | Depths:1 | Reached skill level 7 in Crossbows
 41750 | Depths:1 | Found a gateway to Hell.
 42150 | Depths:1 | Found Nias's Jewellery Boutique.
 42151 | Depths:1 | Found Oschuejea's Gadget Shoppe.
 42152 | Depths:1 | Found Zetuab's Jewellery Boutique.
 42392 | Depths:1 | Found a one-way gate leading to the halls of Pandemonium.
 42433 | Depths:2 | Found a gateway to a ziggurat.
 42525 | Depths:2 | Reached skill level 16 in Dodging
 42539 | Depths:2 | Reached skill level 8 in Crossbows
 42706 | Depths:2 | Reached XP level 24. HP: 176/205 MP: 34/34
 43074 | Depths:2 | Reached skill level 9 in Crossbows
 43824 | Depths:2 | Found Kaetoepn's Food Boutique.
 44131 | Bazaar   | Entered a bazaar
 44133 | Bazaar   | Found Qeruboy's Antique Armour Boutique.
 44136 | Bazaar   | Found Zammool's Book Boutique.
 44137 | Bazaar   | Found Vueq Rukk's Antique Weapon Boutique.
 44137 | Bazaar   | Found Qomih's Antique Armour Boutique.
 44630 | Depths:3 | Reached skill level 21 in Fighting
 44640 | Depths:3 | Reached skill level 10 in Crossbows
 44957 | Depths:3 | Noticed the Enchantress
 44976 | Depths:3 | Killed the Enchantress
 45065 | Depths:3 | Got faerie dragon scales
 45152 | Depths:3 | Noticed a caustic shrike
 45163 | Depths:3 | Killed a caustic shrike
 45269 | Depths:3 | Reached skill level 17 in Dodging
 45386 | Depths:3 | Reached XP level 25. HP: 214/214 MP: 34/34
 46234 | Depths:3 | Reached skill level 11 in Crossbows
 46901 | Depths:4 | Noticed a juggernaut
 46907 | Depths:4 | Killed a juggernaut
 46922 | Depths:4 | Reached skill level 16 in Invocations
 47288 | Depths:4 | Identified the +9 great mace of Entrepreneurial Spirit {flame, rPois rN+ MR-} (You took it off an ogre mage on level 4 of the Depths)
 47316 | Depths:4 | Found a deep blue altar of Sif Muna.
 47340 | Depths:4 | Noticed an ancient lich
 47357 | Depths:4 | Killed an ancient lich
 47357 | Depths:4 | Reached skill level 12 in Crossbows
 47395 | Depths:4 | Identified the Reference Book on the Frostbite
 47412 | Depths:4 | Identified the Papyrus of the Dislocated Frostbite
 47415 | Depths:4 | Identified Zieg's Catalogue of Enthralling Enhancements
 47446 | Depths:4 | Found the +3 robe of Clouds {+Fly rElec}
 47487 | Depths:4 | Identified the Disquisition on Clay and Fire
 47501 | Depths:4 | Identified the Handbook of the Glacier and the Blaze
 47530 | Depths:4 | Identified the Disquisition on the Harmful Arsonist
 47596 | Depths:5 | Entered Level 5 of the Depths
 47675 | Depths:5 | Reached skill level 22 in Fighting
 47688 | Depths:5 | Reached XP level 26. HP: 198/224 MP: 35/35
 47700 | Depths:5 | Learned a level 3 spell: Regeneration
 47775 | Depths:5 | Reached skill level 1 in Spellcasting
 47775 | Depths:5 | Reached skill level 1 in Charms
 47775 | Depths:5 | Reached skill level 1 in Necromancy
 47810 | Depths:5 | Found a gate to the Realm of Zot.
 47816 | Depths:5 | Reached skill level 2 in Spellcasting
 47816 | Depths:5 | Reached skill level 2 in Charms
 47816 | Depths:5 | Reached skill level 2 in Necromancy
 47935 | Depths:5 | Reached skill level 3 in Spellcasting
 47937 | Depths:5 | Reached skill level 3 in Charms
 47937 | Depths:5 | Reached skill level 3 in Necromancy
 48014 | Depths:5 | Reached skill level 4 in Spellcasting
 48072 | Depths:5 | Reached skill level 4 in Charms
 48112 | Depths:5 | Reached skill level 4 in Necromancy
 49241 | Shoals:4 | Reached skill level 5 in Spellcasting
 49250 | Shoals:4 | Reached skill level 5 in Charms
 49250 | Shoals:4 | Reached skill level 5 in Necromancy
 49523 | Shoals:4 | Killed Ilsuiw
 49649 | Shoals:4 | Reached skill level 6 in Charms
 49649 | Shoals:4 | Reached skill level 6 in Necromancy
 49673 | Shoals:4 | Got a barnacled rune of Zot
 50663 | Vaults:5 | Entered Level 5 of the Vaults
 50668 | Vaults:5 | Reached skill level 7 in Charms
 50668 | Vaults:5 | Reached skill level 7 in Necromancy
 50673 | Vaults:5 | Reached skill level 6 in Spellcasting
 50683 | Vaults:5 | Reached skill level 8 in Charms
 50683 | Vaults:5 | Reached skill level 8 in Necromancy
 50686 | Vaults:5 | Reached XP level 27. HP: 146/231 MP: 30/35
 50927 | Vaults:4 | Reached skill level 9 in Charms
 50931 | Vaults:4 | Reached skill level 9 in Necromancy
 51128 | Vaults:5 | Reached skill level 10 in Charms
 51128 | Vaults:5 | Reached skill level 10 in Necromancy
 51192 | Vaults:5 | Reached skill level 1 in Air Magic
 51238 | Vaults:5 | Reached skill level 2 in Air Magic
 51240 | Vaults:5 | Reached skill level 17 in Invocations
 51240 | Vaults:5 | HP: 114/231 [stone giant/exploding inner flame[the player character] (16)]
 51240 | Vaults:5 | Reached skill level 18 in Dodging
 51361 | Vaults:5 | Reached skill level 3 in Air Magic
 51380 | Vaults:5 | HP: 111/231 [Ice Fiend[a deep elf demonologist] (16)]
 51385 | Vaults:5 | HP: 80/232 [poisoned by a tengu reaver]
 51390 | Vaults:4 | HP: 78/232 [poisoned by a tengu reaver]
 51397 | Vaults:4 | HP: 89/232 [poisoned by a tengu reaver]
 51407 | Vaults:4 | HP: 105/232 [poisoned by a tengu reaver]
 51413 | Vaults:4 | HP: 115/232 [poisoned by a tengu reaver]
 51743 | Vaults:5 | Reached skill level 4 in Air Magic
 51866 | Vaults:5 | Found Pyluetoe's Jewellery Boutique.
 51887 | Vaults:5 | Bought the ring of Ximirod {rF+ Int+5 Slay+4} for 1627 gold pieces
 52003 | Vaults:5 | Learned a level 8 spell: Necromutation
 52160 | Vaults:5 | Found Guawkuvo's Jewellery Shop.
 52297 | Vaults:5 | Got a silver rune of Zot
 52663 | Crypt:1  | Entered Level 1 of the Crypt
 52680 | Crypt:1  | Reached skill level 1 in Transmutations
 52720 | Vaults:2 | Reached skill level 2 in Transmutations
 52731 | Crypt:1  | HP: 116/233 [??? (114)]
 53206 | Zot:1    | Entered Level 1 of the Realm of Zot
 53209 | Zot:1    | Reached skill level 3 in Transmutations
 53244 | Zot:1    | Reached skill level 4 in Transmutations
 53323 | Zot:1    | Reached skill level 5 in Transmutations
 53331 | Zot:1    | Reached skill level 7 in Spellcasting
 53354 | Zot:1    | Reached skill level 6 in Transmutations
 53522 | Zot:1    | Found a transporter.
 53569 | Zot:1    | Found a transporter.
 53653 | Zot:1    | Reached skill level 7 in Transmutations
 53920 | Zot:1    | Reached skill level 11 in Necromancy
 53971 | Zot:1    | Got a fine granite ring
 53973 | Zot:1    | Identified the ring "Nemoloa" {Wiz rPois rC- Int+3 SInv} (You found it on level 1 of the Realm of Zot)
 53987 | Zot:1    | Got a bound wooden ring
 53988 | Zot:1    | Identified the ring "Ythrogidy" {rF++ rC+ MR+} (You found it on level 1 of the Realm of Zot)
 54277 | Zot:2    | Reached skill level 8 in Spellcasting
 54277 | Zot:2    | Reached skill level 8 in Transmutations
 54479 | Zot:2    | Reached skill level 9 in Transmutations
 55696 | Zot:3    | Reached skill level 9 in Spellcasting
 55710 | Zot:3    | Reached skill level 10 in Transmutations
 55896 | Zot:3    | Reached skill level 12 in Necromancy
 55940 | Zot:3    | Noticed an orb of fire
 55949 | Zot:3    | Killed an orb of fire
 56414 | Zot:3    | Reached skill level 10 in Spellcasting
 56418 | Zot:3    | Reached skill level 11 in Transmutations
 56981 | Zot:4    | Learned a level 4 spell: Animate Dead
 56986 | Zot:4    | Learned a level 4 spell: Control Undead
 57048 | Zot:4    | Reached skill level 13 in Necromancy
 57354 | Zot:4    | Reached skill level 12 in Transmutations
 58312 | Depths:1 | Bought the amulet "Boliwk" {*Corrode +Rage rElec rPois rN++} for 1262 gold pieces
 58314 | Depths:1 | Bought the ring "Fitog" {rN+ Dex+4} for 708 gold pieces
 58588 | Crypt:1  | HP: 114/233 [flayed ghost/flay_damage[a curse skull] (39)]
 59406 | Crypt:2  | Reached skill level 13 in Transmutations
 59528 | Crypt:2  | Reached skill level 14 in Necromancy
 59536 | Crypt:2  | HP: 113/233 [flayed ghost/flay_damage (39)]
 59539 | Crypt:2  | HP: 55/233 [flayed ghost/flay_damage (27)]
 60054 | Crypt:3  | Entered Level 3 of the Crypt
 60521 | Crypt:3  | Got a smoking bone ring
 60523 | Crypt:3  | Got a smoking copper ring
 60558 | Crypt:3  | Reached skill level 14 in Transmutations
 60583 | Crypt:3  | Noticed Jory
 60593 | Crypt:3  | Killed Jory
 60651 | Crypt:3  | Noticed Xtahua
 60659 | Crypt:3  | Killed Xtahua
 60702 | Crypt:3  | Reached skill level 15 in Necromancy
 60719 | Crypt:3  | Got a flickering jade ring
 60749 | Crypt:3  | Identified Eduonaxa's Papyrus of Evil Rites
 60774 | Crypt:3  | Found the +2 ratskin cloak {+Rats rPois rN+ Str-1 Int-1 Dex+1}
 60782 | Crypt:3  | Identified the ring "Joesk" {rN+ Str-4 Slay+5 SInv Stlth+} (You took it off a vampire mage on level 3 of the Crypt)
 60783 | Crypt:3  | Identified the ring of Leleobb {rN+ Slay+3} (You took it off a vampire on level 3 of the Crypt)
 60784 | Crypt:3  | Identified the ring "Ucsuntid" {rPois rF- rC- rN+ Int+5} (You took it off a vampire mage on level 3 of the Crypt)
 61097 | Crypt:3  | Learned a level 5 spell: Dispel Undead
 61281 | Crypt:3  | Found a staircase to the Tomb.
 61342 | Crypt:3  | Got a warped lapis lazuli ring
 61490 | Crypt:3  | Got a brightly glowing lead ring
 61491 | Crypt:3  | Identified the ring "Sovomn" {rPois MP+9} (You found it on level 3 of the Crypt)
 61492 | Crypt:3  | Identified the ring "Suesm" {Ice rPois Str+4} (You found it on level 3 of the Crypt)
 61496 | Crypt:3  | Identified the Tome of Good Luck
 62272 | Depths:1 | Bought an uncursed ring of resist corrosion for 440 gold pieces
 62607 | Slime:1  | Entered Level 1 of the Pits of Slime
 62670 | Slime:2  | Gained mutation: You do not regenerate when monsters are visible. [a shining eye]
 62682 | Slime:1  | HP: 115/233 [large slime creature (6)]
 62686 | Slime:1  | Reached skill level 15 in Transmutations
 62687 | Slime:1  | HP: 90/233 [acid (2)]
 63074 | Slime:4  | Lost mutation: Your muscles are very strong. (Str +4) [potion of mutation]
 63074 | Slime:4  | Lost mutation: You do not regenerate when monsters are visible. [potion of mutation]
 63074 | Slime:4  | Gained mutation: You are agile. (Dex +2) [potion of mutation]
 63074 | Slime:4  | Gained mutation: You are robust. (+10% HP) [potion of mutation]
 63074 | Slime:4  | Gained mutation: Your spells are a little harder to cast, but a little more powerful. [potion of mutation]
 63074 | Slime:4  | Gained mutation: You are very agile. (Dex +4) [potion of mutation]
 63094 | Slime:5  | Entered Level 5 of the Pits of Slime
 63103 | Slime:5  | Reached skill level 16 in Necromancy
 63334 | Slime:5  | Noticed the Royal Jelly
 63360 | Slime:5  | Killed the Royal Jelly
 63362 | Slime:5  | Noticed Dissolution
 63374 | Slime:5  | Lost mutation: You are robust. (+10% HP) [a shining eye]
 63383 | Slime:5  | Reached skill level 16 in Transmutations
 63413 | Slime:5  | Killed Dissolution
 63554 | Slime:5  | Got a slimy rune of Zot
 63599 | Slime:5  | Got a slimy hand crossbow
 63600 | Slime:5  | Identified the +6 hand crossbow of Ruosh {velocity, rC++} (You found it on level 5 of the Pits of Slime)
 64028 | Pan      | Entered Pandemonium
 64171 | Pan      | Reached skill level 17 in Necromancy
 64188 | Pan      | HP: 102/233 [??? (52)]
 64428 | Pan      | Reached skill level 17 in Transmutations
 64566 | Pan      | Noticed Yrphi the pandemonium lord
 64579 | Pan      | Killed Yrphi the pandemonium lord
 64586 | Pan      | Gained mutation: [You are frail. (-10% HP)] [a cacodemon]
 64684 | Pan      | Gained mutation: Scrolls take you a little longer to read. [a neqoxec]
 64684 | Pan      | Gained mutation: You occasionally shout uncontrollably at your foes. [a neqoxec]
 64900 | Pan      | HP: 104/209 [Hell Sentinel/damnation (39)]
 65801 | Pan      | Reached skill level 18 in Necromancy
 65801 | Pan      | Reached skill level 18 in Transmutations
 65871 | Pan      | Lost mutation: You are very agile. (Dex +4) [a neqoxec]
 66183 | Pan      | Noticed Ciena the pandemonium lord
 66197 | Pan      | Killed Ciena the pandemonium lord
 66225 | Pan      | Gained mutation: You sometimes yell uncontrollably at your foes. [a cacodemon]
 66235 | Pan      | Lost mutation: You are agile. (Dex +2) [a neqoxec]
 66475 | Pan      | Gained mutation: [You are dopey. (Int -2)] [a neqoxec]
 67022 | Pan      | Reached skill level 19 in Transmutations
 67362 | Pan      | Gained mutation: Scrolls take you longer to read. [a cacodemon]
 67377 | Pan      | Reached skill level 19 in Necromancy
 67435 | Pan      | Lost mutation: Your muscles are strong. (Str +2) [a neqoxec]
 67601 | Pan      | Got a heavily runed wooden ring
 67747 | Pan      | HP: 92/209 [Brimstone Fiend/damnation (20)]
 67749 | Pan      | Noticed Weemom the pandemonium lord
 67757 | Pan      | HP: 68/209 [Weemom the pandemonium lord (15)]
 67762 | Pan      | Killed Weemom the pandemonium lord
 67765 | Pan      | HP: 72/209 [monstrous blood saint (5)]
 67957 | Pan      | Gained mutation: [You are very frail. (-20% HP)] [a cacodemon]
 67971 | Pan      | Lost mutation: You sometimes yell uncontrollably at your foes. [potion of mutation]
 67971 | Pan      | Lost mutation: [You are dopey. (Int -2)] [potion of mutation]
 67971 | Pan      | Lost mutation: You have sharp toenails. [potion of mutation]
 67971 | Pan      | Lost mutation: Scrolls take you longer to read. [potion of mutation]
 67971 | Pan      | Gained mutation: You have large cloven feet. [potion of mutation]
 67971 | Pan      | Gained mutation: You are resistant to hostile enchantments. (MR+) [potion of mutation]
 67972 | Pan      | Lost mutation: You have large cloven feet. [potion of mutation]
 67972 | Pan      | Lost mutation: You occasionally shout uncontrollably at your foes. [potion of mutation]
 67972 | Pan      | Lost mutation: [You are very frail. (-20% HP)] [potion of mutation]
 67972 | Pan      | Lost mutation: Scrolls take you a little longer to read. [potion of mutation]
 67972 | Pan      | Gained mutation: Your flesh is cold resistant. (rC+) [potion of mutation]
 67972 | Pan      | Gained mutation: You are partially covered in rugged brown scales. (AC +1, +3% HP) [potion of mutation]
 67972 | Pan      | Gained mutation: You are partially covered in icy blue scales. (AC +2) [potion of mutation]
 68047 | Pan      | Got a warped robe
 68337 | Pan      | Reached skill level 20 in Transmutations
 68741 | Pan      | Found a transporter.
 68854 | Pan      | Found a transporter.
 68984 | Pan      | Reached skill level 20 in Necromancy
 69625 | Pan      | Identified the ring of Hospitality {Fire Dex+5} (You took it off a blood saint in Pandemonium)
 69810 | Pan      | HP: 97/216 [torturous black sun/dispel undead (28)]
 69816 | Pan      | HP: 85/216 [smoke demon/divine providence (16)]
 69828 | Pan      | HP: 80/216 [emperor scorpion[a gelid corrupter] (1)]
 69833 | Pan      | HP: 70/216 [soul eater (6)]
 69838 | Pan      | HP: 57/216 [smoke demon/divine providence (16)]
 69848 | Pan      | HP: 24/216 [smoke demon/divine providence (14)]
 69853 | Pan      | HP: 25/216 [balrug/divine providence (12)]
 69853 | Pan      | HP: 9/216 [cacodemon (6)]
 69857 | Pan      | Gained mutation: You are highly resistant to hostile enchantments. (MR++) [a cacodemon]
 69858 | Pan      | HP: 48/216 [emperor scorpion[a gelid corrupter] (8)]
 69862 | Pan      | HP: 20/216 [cacodemon (4)]
 69867 | Pan      | HP: 35/216 [orange demon (4)]
 69872 | Pan      | HP: 31/216 [??? (22)]
 69876 | Pan      | Gained mutation: You are weak. (Str -2) [a cacodemon]
 69877 | Pan      | HP: 55/216 [sphinx/divine providence[a gelid corrupter] (11)]
 69878 | Pan      | HP: 27/216 [soul eater/drain life (6)]
 69883 | Pan      | HP: 55/216 [Brimstone Fiend (6)]
 69888 | Pan      | HP: 61/216 [cacodemon (7)]
 69897 | Pan      | Gained mutation: Your magical capacity is low. (-10% MP) [a cacodemon]
 69899 | Pan      | HP: 68/216 [cacodemon (1)]
 69902 | Pan      | Gained mutation: You are clumsy. (Dex -2) [a cacodemon]
 69905 | Pan      | Reached skill level 21 in Transmutations
 69905 | Pan      | HP: 57/216 [spectral anaconda[a gelid corrupter] (1)]
 69913 | Pan      | HP: 60/216 [orange demon (2)]
 70062 | Pan      | Got an ancient iron amulet
 70063 | Pan      | Identified the amulet "Heonassi" {Reflect MR+ Str+4 SH+3} (You found it in Pandemonium)
 70070 | Pan      | Got a pitted golden ring
 70071 | Pan      | Identified the ring of Daute {rF+ rN+ MP+9 Str+4 Slay+3} (You found it in Pandemonium)
 70103 | Pan      | Got a slimy chain mail
 70232 | Pan      | Entered the realm of Cerebov.
 70235 | Pan      | Lost mutation: You are partially covered in large bone plates. (SH +4) [potion of mutation]
 70235 | Pan      | Lost mutation: Your magical capacity is low. (-10% MP) [potion of mutation]
 70235 | Pan      | Gained mutation: You have a somewhat thin skeletal structure. (Dex +2, Stealth) [potion of mutation]
 70235 | Pan      | Gained mutation: You have sharp toenails. [potion of mutation]
 70236 | Pan      | Lost mutation: You are highly resistant to hostile enchantments. (MR++) [potion of mutation]
 70236 | Pan      | Lost mutation: You are weak. (Str -2) [potion of mutation]
 70236 | Pan      | Lost mutation: Your spells are a little harder to cast, but a little more powerful. [potion of mutation]
 70236 | Pan      | Gained mutation: You are weak. (Str -2) [potion of mutation]
 70236 | Pan      | Gained mutation: You passively map a small area around you. [potion of mutation]
 70239 | Pan      | theanonym: @?cerebov
 70239 | Pan      | beem: Cerebov (&)
                  | Spd:
    10 | HD: 21   | HP: 551-769
                  | AC/EV: 30/8
                  | Dam: 60
                  | demonic, weapons, items, doors, fighter, evil, see invisible
                  | Res: magic(immune), fire+++, damnation, poison, drown, rot, neg+++, torm
                  | Vul: holy
                  | XP: 22581
                  | Sp: iron shot (3d36) [!sil], fire storm (8d16 / 8d17) [!sil], sum.greater demon [!sil], haste [!sil]
                  | Sz: Giant |
 70239 | Pan      | beem: Int: human.
 71030 | Pan      | Reached skill level 21 in Necromancy
 71382 | Pan      | Got a polished ring mail
 72014 | Pan      | Reached skill level 22 in Transmutations
 72134 | Pan      | Lost mutation: Your flesh is cold resistant. (rC+) [potion of mutation]
 72134 | Pan      | Lost mutation: You are resistant to hostile enchantments. (MR+) [potion of mutation]
 72134 | Pan      | Lost mutation: You are clumsy. (Dex -2) [potion of mutation]
 72134 | Pan      | Lost mutation: [You are frail. (-10% HP)] [potion of mutation]
 72134 | Pan      | Gained mutation: [You are frail. (-10% HP)] [potion of mutation]
 72134 | Pan      | Gained mutation: You passively map the area around you. [potion of mutation]
 72335 | Pan      | Noticed Cerebov
 72365 | Pan      | Killed Cerebov
 72397 | Pan      | Identified Fijywk's Grimoire of Unholy Secrets and Intoxication
 72554 | Pan      | Got a fiery rune of Zot
 72613 | Pan      | Reached skill level 23 in Transmutations
 72703 | Pan      | Reached skill level 22 in Necromancy
 73178 | Pan      | Reached skill level 11 in Spellcasting
 73214 | Pan      | Gained mutation: Scrolls take you a little longer to read. [a cacodemon]
 73228 | Pan      | Gained mutation: You are clumsy. (Dex -2) [a cacodemon]
 73239 | Pan      | Gained mutation: Your body sometimes deteriorates upon taking damage. [a cacodemon]
 73538 | Pan      | Noticed Fianick the pandemonium lord
 73567 | Pan      | Killed Fianick the pandemonium lord
 73591 | Pan      | HP: 105/216 [torturous blood saint/iceblast (19)]
 73606 | Pan      | HP: 88/216 [infernal corrupter/scimitar (2)]
 73621 | Pan      | HP: 97/216 [demonic crawler (7)]
 73682 | Pan      | Got a demonic rune of Zot
 73889 | Pan      | Reached skill level 12 in Spellcasting
 73902 | Pan      | Got a polished plate armour
 74031 | Pan      | Entered the realm of Mnoleg.
 74127 | Pan      | Lost mutation: You are clumsy. (Dex -2) [a neqoxec]
 74139 | Pan      | Gained mutation: Your spells are a little easier to cast, but a little less powerful. [a cacodemon]
 74141 | Pan      | Gained mutation: [You are very frail. (-20% HP)] [a cacodemon]
 74149 | Pan      | Gained mutation: Your magical capacity is low. (-10% MP) [a cacodemon]
 74156 | Pan      | Lost mutation: Your body sometimes deteriorates upon taking damage. [a cacodemon]
 74158 | Pan      | Lost mutation: You are partially covered in icy blue scales. (AC +2) [a cacodemon]
 74196 | Pan      | Gained mutation: [You are extremely frail. (-30% HP)] [a cacodemon]
 74198 | Pan      | Gained mutation: [You are dopey. (Int -2)] [a cacodemon]
 74210 | Pan      | Noticed Mnoleg
 74235 | Pan      | Killed Mnoleg
 74257 | Pan      | Gained mutation: Your body sometimes deteriorates upon taking damage. [a neqoxec]
 74301 | Pan      | Got a glowing rune of Zot
 74395 | Pan      | Reached skill level 13 in Spellcasting
 74415 | Pan      | Noticed Fago the pandemonium lord
 74422 | Pan      | Killed Fago the pandemonium lord
 74902 | Pan      | Found an exit through the horrors of the Abyss.
 74909 | Pan      | Took an exit into the Abyss.
 74909 | Abyss:1  | Escaped into the Abyss
 74972 | Abyss:1  | Found an ornate altar of the Wu Jian Council.
 75070 | Abyss:3  | Identified the Compendium of Enthralling Creation
 75229 | Abyss:3  | Got a dazzling plate armour
 75232 | Abyss:3  | Identified the +8 plate armour of Estoaf {MR+ Dex+3} (You took it off an infernal demonspawn in Pandemonium)
 75234 | Abyss:3  | Identified the cursed +1 plate armour "Anleuczoyrgh" {Str-2 Dex+6 SInv} (You found it on level 3 of the Abyss)
 75696 | Abyss:3  | Reached skill level 14 in Spellcasting
 76277 | Abyss:4  | Reached skill level 24 in Transmutations
 76385 | Abyss:5  | Entered Level 5 of the Abyss
 76489 | Abyss:5  | HP: 77/170 [starcursed mass/accursed screaming (12)]
 76497 | Abyss:5  | HP: 54/170 [starcursed mass/accursed screaming (13)]
 76502 | Abyss:5  | HP: 48/170 [starcursed mass/accursed screaming (5)]
 76508 | Abyss:5  | HP: 44/170 [starcursed mass/accursed screaming (6)]
 76512 | Abyss:5  | HP: 20/170 [lurking horror (9)]
 76519 | Abyss:5  | HP: 31/170 [starcursed mass/accursed screaming (5)]
 76523 | Abyss:5  | HP: 15/170 [starcursed mass/accursed screaming (9)]
 76527 | Depths:1 | Escaped the Abyss
 76528 | Depths:1 | HP: 11/170 [starcursed mass/accursed screaming (5)]
 76589 | Depths:1 | Bought a potion of mutation for 120 gold pieces
 76589 | Depths:1 | Bought a potion of mutation for 120 gold pieces
 76589 | Depths:1 | Lost mutation: You have sharp toenails. [potion of mutation]
 76589 | Depths:1 | Lost mutation: You have a somewhat thin skeletal structure. (Dex +2, Stealth) [potion of mutation]
 76589 | Depths:1 | Lost mutation: Scrolls take you a little longer to read. [potion of mutation]
 76589 | Depths:1 | Gained mutation: Your muscles are strong. (Str +2) [potion of mutation]
 76590 | Depths:1 | Lost mutation: Your magical capacity is extremely low. (-30% MP) [potion of mutation]
 76590 | Depths:1 | Lost mutation: [You are extremely frail. (-30% HP)] [potion of mutation]
 76590 | Depths:1 | Gained mutation: You have an increased reservoir of magic. (+10% MP) [potion of mutation]
 76591 | Depths:1 | Lost mutation: Your body often deteriorates upon taking damage. [potion of mutation]
 76591 | Depths:1 | Lost mutation: Your muscles are strong. (Str +2) [potion of mutation]
 76591 | Depths:1 | Lost mutation: You are partially covered in rugged brown scales. (AC +1, +3% HP) [potion of mutation]
 76591 | Depths:1 | Gained mutation: Your muscles are strong. (Str +2) [potion of mutation]
 76898 | Depths:1 | Voluntarily entered the Abyss.
 76912 | Abyss:1  | Reached skill level 15 in Spellcasting
 76924 | Abyss:1  | HP: 83/186 [bone dragon (11)]
 76930 | Abyss:1  | HP: 59/163 [starcursed mass/accursed screaming (14)]
 76931 | Abyss:1  | Quit the game

Vanquished Creatures
  Cerebov (Pan)
  Dissolution (Slime:5)
  the Royal Jelly (Slime:5)
  Mnoleg (Pan)
  An orb of fire (Zot:3)
  An ancient lich (Depths:4)
  5 pandemonium lords (Pan)
  A juggernaut (Depths:4)
  Bai Suzhen (Vaults:4)
  Xtahua (Crypt:3)
  Margery (Vaults:2)
  A caustic shrike (Depths:3)
  4 Killer Klowns
  A curse toe (Zot:4)
  6 golden dragons
  A bone dragon (Abyss:1)
  the Enchantress (Depths:3)
  Jory (Crypt:3)
  6 Brimstone Fiends
  2 Tzitzimimeh (Pan)
  2 hellephants
  12 Hell Sentinels (Pan)
  An Ice Fiend (Pan)
  21 tentacled monstrosities
  10 liches
  Rupert (D:13)
  5 quicksilver dragons
  3 deep elf blademasters
  20 acid blobs
  4 ancient champions
  6 sphinxes
  5 death cobs
  9 Executioners (Pan)
  59 large abominations
  An eldritch tentacle (Pan)
  7 tentacled starspawn
  Gastronok (Lair:3)
  Kirke (D:13)
  10 storm dragons
  9 shadow dragons
  5 draconian monks
  3 warmongers (Pan)
  Ilsuiw (Shoals:4)
  9 tengu reavers
  16 fire giants
  14 azure jellies
  12 blood saints (Pan)
  2 revenants
  3 draconian knights
  A draconian scorcher (Zot:3)
  7 frost giants
  6 ghost moths
  An orc warlord (Orc:2)
  20 vault wardens
  11 deep elf sorcerers
  38 balrugs (Pan)
  11 corrupters (Pan)
  23 cacodemons (Pan)
  A draconian shifter (Zot:4)
  4 emperor scorpions
  Aizul (Shoals:1)
  5 draconian stormcallers
  19 ironheart preservers
  8 deep elf elementalists
  3 curse skulls
  2 ghouls (Crypt:2)
  8 entropy weavers
  A reaper (Pan)
  5 spriggan defenders
  2 war gargoyles (Vaults:5)
  An ophan (Abyss:3)
  23 stone giants
  9 black suns (Pan)
  7 deep elf demonologists
  18 very ugly things
  13 lorocyprocas
  25 starcursed masses
  2 dire elephants (Zot:2)
  20 vampire knights
  13 deep elf annihilators
  7 black draconians
  6 green draconians
  A spark wasp (shapeshifter) (Elf:3)
  5 purple draconians
  9 red draconians
  11 yellow draconians
  8 spark wasps
  9 blizzard demons (Pan)
  5 eidola
  5 white draconians
  10 deep elf death magi
  5 merfolk javelineers
  4 green deaths (Pan)
  14 yaktaur captains
  6 jiangshi
  8 death oozes (Slime:5)
  8 merfolk impalers
  18 ettins
  18 fire dragons
  14 deep elf high priests
  12 ice dragons
  Fannar (Orc:1)
  10 great orbs of eyes
  A hydra (shapeshifter) (Depths:5)
  10 monstrous demonspawn (Pan)
  4 hell beasts (Pan)
  2 naga warriors (Abyss:3)
  31 vault guards
  5 hydras
  2 merfolk avatars (Shoals:4)
  A catoblepas (Lair:2)
  A catoblepas (shapeshifter) (Vaults:5)
  9 rakshasas
  11 centaur warriors
  4 death knights
  5 spriggan air magi
  15 two-headed ogres
  A satyr (Shoals:4)
  An alligator snapping turtle (Shoals:4)
  38 dancing weapons
  12 deep troll shamans
  15 ogre magi
  6 merfolk aquamancers
  A queen ant (Lair:6)
  14 deep troll earth magi
  5 tengu warriors
  6 holy swine (Pan)
  2 hell hogs (Depths:3)
  9 hell knights
  A spriggan berserker (Depths:4)
  12 thrashing horrors
  13 vampire magi
  4 wretched stars
  18 deep elf knights
  2 storm dragon zombies (Crypt:3)
  3 orc high priests (Orc:2)
  100 sun demons
  3 shadow wraiths
  10 sea snakes
  16 skeletal warriors
  A spatial maelstrom (Abyss:4)
  15 sixfirhies
  32 soul eaters (Pan)
  A fire crab (shapeshifter) (Vaults:4)
  A spark wasp zombie (Crypt:3)
  2 golden dragon zombies (Crypt:3)
  9 iron trolls
  13 infernal demonspawn
  8 shadow demons (Pan)
  41 deep trolls
  16 deep elf archers
  4 flayed ghosts
  4 torturous demonspawn (Pan)
  2 unseen horrors
  A kraken simulacrum (Shoals:4)
  7 glowing orange brains
  7 lindwurms
  11 harpies
  9 gelid demonspawn
  16 ironbrand convokers
  19 phantasmal warriors
  60 deep elf magi
  A golden dragon skeleton (Crypt:3)
  5 necromancers
  A shadow dragon zombie (Crypt:3)
  20 orc knights
  An obsidian statue (D:13)
  14 wizards
  A shadow dragon skeleton (Crypt:1)
  The ghost of theanonym the Basher, a novice FoFi of Cheibriados (D:6)
  2 iron dragon zombies
  10 orb spiders
  A fire giant zombie (Crypt:3)
  10 orc sorcerers
  53 ugly things
  2 shining eyes
  29 wolf spiders
  2 frost giant zombies
  2 stone giant zombies (Vaults:3)
  8 cyclopes
  14 manticores
  9 fauns
  2 worldbinders
  A moth of wrath (shapeshifter) (Depths:1)
  A cyclops (shapeshifter) (Depths:5)
  A salamander (Abyss:3)
  6 merfolk sirens
  2 stone giant skeletons
  2 salamanders (shapeshifter)
  5 toenail golems (Volcano)
  An ice statue (Vaults:3)
  2 water nymphs (Shoals:4)
  A guardian serpent (Abyss:3)
  14 moths of wrath
  6 black mambas
  A naga mage (Depths:4)
  A guardian serpent (shapeshifter) (Vaults:5)
  5 rust devils
  15 vault sentinels
  10 torpor snails
  An eye of devastation (Slime:4)
  A death yak zombie (Crypt:2)
  A dire elephant zombie (Crypt:1)
  The ghost of cirnu the Slasher, a novice DsFi (D:5)
  A gargoyle (D:11)
  3 apocalypse crabs
  28 orange demons
  10 elephants
  3 yaktaur zombies
  47 smoke demons
  8 spiny frogs
  13 hellions
  An iron troll zombie (Crypt:3)
  2 rime drakes
  4 centaur skeletons
  44 yaktaurs
  14 freezing wraiths
  13 efreet
  A white draconian zombie (Crypt:3)
  7 kobold demonologists
  4 tormentors
  6 komodo dragons
  3 ice devils (Pan)
  27 demonic crawlers
  11 hellwings
  10 ancient zymes
  A merfolk (shapeshifter) (Depths:5)
  24 jumping spiders
  A yaktaur skeleton (Vaults:3)
  40 red devils (Pan)
  2 harpy zombies
  4 tengu conjurers
  A silent spectre (Abyss:4)
  7 trolls
  A wolf spider simulacrum (D:15)
  3 tyrant leeches (Lair:6)
  35 merfolk
  4 wind drakes
  2 hippogriffs (shapeshifter)
  4 polar bears (Lair:4)
  A bog body (Crypt:2)
  A snapping turtle (shapeshifter) (Vaults:4)
  13 dream sheep
  15 hippogriffs
  44 slime creatures
  9 blink frogs
  25 hornets
  18 raiju
  A black mamba zombie (Crypt:2)
  A slime creature (shapeshifter) (Vaults:4)
  19 flying skulls
  68 redbacks
  11 air elementals
  8 snapping turtles
  2 spriggans (Depths:3)
  3 shadows
  6 wyverns
  15 vampires
  3 fire elementals
  A tarantella (shapeshifter) (Vaults:5)
  30 water elementals
  10 wraiths
  55 yaks
  Eustachio (D:6)
  36 ynoxinuls
  36 tarantellas
  9 humans (Zot:2)
  6 hungry ghosts
  A yaktaur simulacrum (Vaults:3)
  24 chaos spawn
  19 golden eyes
  6 wargs
  2 basilisks
  37 neqoxecs
  3 vampire mosquitoes (D:15)
  An elf simulacrum (Vaults:5)
  2 golden eyes (shapeshifter)
  2 nagas (Abyss:3)
  4 spatial vortices (Abyss:4)
  4 acid dragons
  24 soldier ants
  A soldier ant (shapeshifter) (Vaults:1)
  11 water moccasins
  Duvessa (D:5)
  A floating eye (shapeshifter) (Vaults:5)
  9 hell hounds
  A faun skeleton (Crypt:3)
  2 floating eyes
  6 porcupines
  64 orc warriors
  A snapping turtle zombie (Crypt:3)
  9 ice beasts
  5 eyes of draining
  A phantom (D:11)
  2 sky beasts (D:5)
  4 black bears
  2 necrophages
  A boggart (Elf:1)
  23 ogres
  A hog zombie (Crypt:3)
  8 wolves
  A lindwurm zombie (Crypt:2)
  20 centaurs
  8 crocodiles
  17 big kobolds
  An earth elemental (Elf:3)
  A gnoll sergeant (D:8)
  An octopode zombie (Crypt:1)
  17 bullfrogs
  A wyvern zombie (Crypt:1)
  Dowan (D:5)
  3 scorpions
  A troll zombie (Crypt:3)
  9 killer bees
  3 human simulacra
  5 wights (D:8)
  A troll skeleton (Crypt:3)
  6 electric eels
  3 howler monkeys (D:10)
  11 crimson imps
  A bullfrog zombie (D:6)
  7 centaur zombies
  A lava snake (D:14)
  3 quasits
  5 bullfrog skeletons
  8 hounds
  A basilisk zombie (Crypt:2)
  25 orc priests
  A gnoll shaman (D:5)
  2 iron imps (D:13)
  15 jellies
  21 orc wizards
  2 iguanas
  29 worker ants
  A killer bee zombie (D:9)
  14 small abominations
  A crocodile zombie (Crypt:2)
  A naga zombie (Crypt:1)
  An ogre skeleton (Crypt:1)
  2 hound skeletons
  A worker ant zombie (D:8)
  Robin (D:4)
  14 gnolls
  17 adders
  6 shadow imps
  3 white imps
  2 ufetubi
  3 oozes
  An adder zombie (D:5)
  2 worms
  2 dart slugs (D:2)
  8 leopard geckos
  111 orcs
  A bat skeleton (Crypt:3)
  7 giant cockroaches
  6 goblins
  12 hobgoblins
  3 jackals
  44 kobolds
  9 quokkas
  A ball python (D:5)
  A ball python zombie (D:5)
  5 bats
  7 frilled lizards
  A giant cockroach zombie (D:5)
  A goblin skeleton (Crypt:1)
  A goblin zombie (Crypt:2)
  2 jackal skeletons
  A jackal zombie (D:7)
  A quokka skeleton (D:4)
  10 rats
  2 bushes (D:13)
  6 crawling corpses
  A plant (Lair:6)
  9 starspawn tentacles
  A tentacle (Shoals:4)
3402 creatures vanquished.

Vanquished Creatures (collateral kills)
  A ghoul (Crypt:2)
  A vampire mage (Crypt:2)
  2 skeletal warriors (Crypt:2)
  A golden dragon zombie (Crypt:3)
  2 flayed ghosts
  2 phantasmal warriors
  An orange demon (Pan)
  A flying skull (Crypt:3)
  3 vampires (Crypt:3)
  A fire dragon skeleton (Crypt:2)
15 creatures vanquished.

Vanquished Creatures (others)
  Nikola (Elf:3)
  2 deep elf master archers (Elf:3)
  A warmonger (Pan)
  A stone giant (Vaults:5)
  2 merfolk javelineers
  A yaktaur captain (Vaults:5)
  A spriggan air mage (Depths:3)
  A satyr (Shoals:2)
  A deep troll shaman (Depths:5)
  A deep elf knight (Elf:2)
  An iron troll (Depths:5)
  A deep elf archer (Elf:1)
  A deep elf mage (Elf:2)
  3 fauns
  3 yaktaurs
  A demonic crawler (Pan)
  4 humans (D:13)
  3 chaos spawn (Pan)
  4 centaurs (Shoals:2)
  A small abomination (Abyss:5)
  A killer bee (D:10)
  A human simulacrum (Vaults:5)
  12 bushes
  A crawling corpse (Elf:3)
  16 demonic plants (Abyss:5)
  3 fungi (Lair:6)
  A lurking horror (Abyss:5)
  15 plants
  9 starspawn tentacles
  2 tentacles (Shoals:4)
  5 withered plants (Crypt:3)
100 creatures vanquished.

Grand Total: 3517 creatures vanquished
